 Dungeon Crawl Stone Soup version 0.26.1-11-gd32895ea62 (webtiles) character file.

Game seed: 15866442001998889617

30 Almogavar the Skirmisher (level 3, 0/33 HPs)
             Began as a Palentonga Berserker on July 21, 2021.
             Was a Believer of Trog.
             Succumbed to a scorpion's poison
             ... on level 1 of the Dungeon.
             The game lasted 00:01:51 (533 turns).

Almogavar the Skirmisher (Palentonga Berserker)      Turns: 533, Time: 00:01:54

Health: 0/33       AC:  4    Str: 21    XL:     3   Next: 5%
Magic:  3/3        EV: 10    Int:  7    God:    Trog [**....]
Gold:   65         SH:  0    Dex:  9    Spells: 2/2 levels left

rFire    . . .     SeeInvis +   a - +0 falchion
rCold    . . .     Faith    .   (no shield)
rNeg     . . .     Spirit   .   b - +0 animal skin
rPois    .         Reflect  .   (no helmet)
rElec    .         Harm     .   (no cloak)
rCorr    .         Rampage  .   (no gloves)
Will     .....                  (no barding)
Stlth    +.........             (no amulet)
HPRegen  0.11/turn              (no ring)
MPRegen  0.08/turn              (no ring)

@: lethally poisoned (0 -> -22), berserk cooldown, slowed, very slow
A: large, rugged brown scales 3, see invisible, deformed body, roll 1, armoured
tail
a: Rolling Charge, Renounce Religion, Berserk, Trog's Hand


You were on level 1 of the Dungeon.
You worshipped Trog.
Trog was pleased with you.
You visited 1 branch of the dungeon, and saw 2 of its levels.

You collected 65 gold pieces.

Inventory:

Hand Weapons
 a - a +0 falchion (weapon)
Armour
 b - a +0 animal skin (worn)
 i - a +0 ring mail
Scrolls
 d - a scroll of remove curse {unknown}
 e - 2 scrolls of enchant weapon {unknown}
 f - a scroll of identify {unknown}
Potions
 c - a potion of haste {unknown}
 g - a potion of flight {unknown}
 h - a potion of magic {unknown}


   Skills:
 + Level 3.6 Fighting
 + Level 3.4 Long Blades
 + Level 1.7 Armour
 + Level 1.8 Dodging


You had 2 spell levels left.
You didn't know any spells.
Your spell library was empty.

Dungeon Overview and Level Annotations

Branches:
Dungeon (2/15)

Altars:


Innate Abilities, Weirdness & Mutations

You are completely covered in rugged brown scales. (AC +3, +7% HP)
You have supernaturally acute eyesight. (SInv)
Armour fits poorly on your strangely shaped body.
You can roll at nearby foes to attack.
You have a long armoured tail.


Message History

You feel yourself slow down. The scorpion misses you.
You barely miss the scorpion.
The scorpion is lightly wounded.
The scorpion stings you.
You hit the scorpion.
The scorpion is lightly wounded.
You feel sick.
You are no longer poisoned.
The scorpion barely misses you. The scorpion stings you.
You are poisoned.
The scorpion poisons you!
You feel sick. The scorpion stings you.
There is a stone staircase leading up here.
* * * LOW HITPOINT WARNING * * *
You feel sick. The scorpion stings you.
* * * LOW HITPOINT WARNING * * *
You are more poisoned.
The scorpion poisons you!
You climb upwards.
You die...

......#
.....###############
.....#....8........#
.....#.⌠8..........#
.....#.8####.......#
.....#..##.........###
.....#).##...........#
.....#..####.........#
.(...#..#.......@....#
.....#8.#.......s....#
.....#..#.........^..#
.........##..........#
........###..........#
........#............#
#..)......#..........#
####....#.#..........#
####................##


You could see a scorpion.

Vanquished Creatures
  An adder (D:2)
  3 goblins (D:1)
  2 hobgoblins (D:1)
  7 jackals (D:1)
  A quokka (D:2)
  2 frilled lizards
  A kobold (D:2)
  A rat (D:1)
18 creatures vanquished.

Notes
Turn   | Place    | Note
-------+----------+-------------------------------------------
     0 | D:1      | Almogavar the Palentonga Berserker began the quest for the
                  | Orb.
     0 | D:1      | Reached XP level 1. HP: 20/20 MP: 1/1
   126 | D:1      | Reached XP level 2. HP: 23/27 MP: 2/2
   519 | D:2      | Noticed a scorpion
   523 | D:2      | Reached XP level 3. HP: 33/33 MP: 3/3
   527 | D:2      | Reached ** piety under Trog
   533 | D:1      | Succumbed to a scorpion's poison

Illustrated notes

Levels and vault maps discovered:
D:1:      psy_arrival_fountain, layout_rooms, chequers_decorated_corner,
          hex_tiny, minmay_pentomino_r2
D:2:      minmay_roachtagon, layout_rooms, grunt_decor_mini_mirrors,
          uniq_jessica, uniq_crazy_yiuf_cottage

Action                   || total
-------------------------++-------
Melee: Falchion          ||    53
       Tailslap          ||     6
Invok: Berserk           ||     1
 Abil: Rolling Charge    ||    10
Armor: Animal skin       ||    18
Dodge: Dodged            ||    26
       Rpst.: Falchion   ||     7
